 Dungeon Crawl Stone Soup version 0.31-a0-246-g8cbcc1cb85 (webtiles) character file.

Game seed: 9532713605182476336

86 qw the Shooter (level 4, -3/26 HPs)
             Began as a Gargoyle Hexslinger on July 12, 2023.
             Killed from afar by Ijyb (8 damage)
             ... with a bolt of dispelling energy
             ... on level 3 of the Dungeon.
             The game lasted 00:00:34 (1448 turns).

qw the Shooter (Gargoyle Hexslinger)                Turns: 1448, Time: 00:00:34

Health: -3/26      AC:  8    Str: 12    XL:     4   Next: 49%
Magic:  5/5        EV: 10    Int: 13    God:
Gold:   52         SH:  0    Dex: 14    Spells: 4/5 levels left

rFire   . . .        Y - +2 sling
rCold   . . .        (no shield)
rNeg    + + .        g - +0 ring mail
rPois   inf          (no helmet)
rElec   +            (no cloak)
rCorr   .            (no gloves)
SInv    .            (no boots)
Will    .....        e - amulet of the acrobat
Stlth   +            j - ring of positive energy
HPRegen 0.24/turn    (no ring)
MPRegen 0.09/turn

%: acrobat
@: no status effects
A: sickness immunity, AC +3, negative energy resistance 1, electricity
resistance, torment resistance 1, petrification resistance
a: no special abilities


You were on level 3 of the Dungeon.
You visited 1 branch of the dungeon, and saw 3 of its levels.

You collected 82 gold pieces.
You spent 30 gold pieces at shops.


Innate Abilities, Weirdness & Mutations

You are immune to sickness and miasma.
Your stone body is resilient. (AC +3)
You are immune to poison.
You resist negative energy. (rN+)
You are resistant to electric shocks. (rElec)
You are resistant to unholy torment.
You are immune to petrification.


   Skills:
 - Level 2.0 Fighting
 + Level 4.1 Ranged Weapons
 - Level 1.0 Armour
 - Level 1.5 Dodging
 - Level 1.0 Spellcasting
 - Level 2.6 Hexes


You had 4 spell levels left.
You knew the following spells:

 Your Spells              Type           Power      Damage    Failure   Level
a - Slow                  Hex            28%        N/A       22%         1

Your spell library contained the following spells:

 Spells                   Type           Power      Damage    Failure   Level
 Inner Flame              Hex/Fire       4%         N/A       73%         3
 Portal Projectile        Hex/Tloc       8%         N/A       73%         3
 Cause Fear               Hex            3%         N/A       91%         4

Inventory:

Hand Weapons
 Y - a +2 sling (weapon)
Armour
 g - a +0 ring mail (worn)
Jewellery
 a - a ring of protection from cold
 e - an amulet of the acrobat (around neck)
 j - a ring of positive energy (left hand)
Scrolls
 d - a scroll of identify
Potions
 c - a potion of curing
 f - a potion of resistance {unknown}
 h - a potion of lignification {unknown}
 i - a potion of mutation {unknown}

Dungeon Overview and Level Annotations

Branches:
Dungeon (3/15)

Altars:
Ru

Shops:
D:2 !

Annotations:
D:3 Ijyb, Terence


Message History

Ijyb the Twisted Goblin comes into view.
She is wielding a +10 club and carrying a wand of quicksilver.
Found 3 stones.
Ijyb shouts!
A bat comes into view.
Ijyb zaps a wand.
The bolt of dispelling energy misses you.
The bat moves out of view.
You shoot a sling bullet. The sling bullet barely misses Ijyb.
Ijyb zaps a wand.
The bolt of dispelling energy misses you.
You shoot a sling bullet. The sling bullet hits Ijyb.
Ijyb is lightly wounded.
You shoot a sling bullet.
The sling bullet hits Ijyb but does no damage.
Ijyb is lightly wounded.
You shoot a sling bullet.
The sling bullet hits Ijyb but does no damage.
Ijyb is lightly wounded.
You hear the slow rusting of a very distant drain.
The bat hits you but does no damage.
You shoot a sling bullet. The sling bullet hits the bat!
You kill the bat!
Ijyb hits you with a +10 club.
You shoot a sling bullet.
The sling bullet hits Ijyb but does no damage.
Ijyb is lightly wounded.
Ijyb hits you with a +10 club!
You shoot a sling bullet. The sling bullet closely misses Ijyb.
Ijyb zaps a wand.
The bolt of dispelling energy misses you.
You shoot a sling bullet.
The sling bullet hits Ijyb but does no damage.
Ijyb is lightly wounded.
Ijyb hits you with a +10 club!
You shoot a sling bullet.
The sling bullet hits Ijyb but does no damage.
Ijyb is lightly wounded.
Ijyb closely misses you.
Ijyb zaps a wand.
The bolt of dispelling energy hits you!
You die...

.. .# ### # #.#
#######.#
#.......##########
#.#####...........
#@# ############
.....%g........
........#######
........#
........#
#.......#
........#
#......(#


You could see Ijyb.

Vanquished Creatures
  4 adders
  A worm (D:2)
  2 dart slugs (D:2)
  2 orcs (D:3)
  8 ball pythons
  A bat (D:3)
  5 endoplasms (D:1)
  3 giant cockroaches
  A goblin (D:1)
  2 hobgoblins
  2 quokkas
  2 frilled lizards (D:2)
  4 kobolds
  2 rats (D:2)
39 creatures vanquished.

Notes
Turn   | Place    | Note
-------+----------+-------------------------------------------
     0 | D:1      | qw the Gargoyle Hexslinger began the quest for the Orb.
     0 | D:1      | Reached XP level 1. HP: 12/12 MP: 2/2
     0 | D:1      | 0 ||| qw: Version: 0.3-a-52-g30416fa
     0 | D:1      | 0 ||| qw: Game counter: 6510
     0 | D:1      | 0 ||| qw: Melee chars always use a shield: true
     0 | D:1      | 0 ||| qw: God list: Okawaru
     0 | D:1      | 0 ||| qw: Allow faded altars: false
     0 | D:1      | 0 ||| qw: Do Orc after clearing Dungeon:15 true
     0 | D:1      | 0 ||| qw: Do second Lair branch before Depths: true
     0 | D:1      | 0 ||| qw: Lair rune preference: random
     0 | D:1      | 0 ||| qw: Goals: Normal
     0 | D:1      | 0 ||| PLANNING D:1-11
    97 | D:1      | Reached XP level 2. HP: 16/16 MP: 3/3
   196 | D:1      | Reached skill level 3 in Ranged Weapons
   532 | D:1      | 532 ||| UPGRADING to +0 leather armour.
   542 | D:1      | 542 ||| DROPPING +0 robe.
   543 | D:1      | 543 ||| UPGRADING to amulet of the acrobat.
   548 | D:1      | 548 ||| UPGRADING to ring of positive energy.
   549 | D:1      | 549 ||| READING scroll labelled EGORIA UDAEX.
   550 | D:1      | 550 ||| READING scroll labelled GEGUTAOZXA.
   551 | D:1      | 551 ||| DROPPING scroll of poison.
   582 | D:2      | Reached XP level 3. HP: 21/21 MP: 4/4
   780 | D:2      | Found Ollaoxi's Distillery.
   790 | D:2      | 790 ||| BUYING potion of curing (30 gold).
   790 | D:2      | Bought a potion of curing for 30 gold pieces
   790 | D:2      | 790 ||| SHOPLISTING potion of haste (100 gold, have 8).
   790 | D:2      | 790 ||| SHOPLISTING potion of heal wounds (50 gold, have
                  | 8).
   790 | D:2      | 790 ||| SHOPLISTING potion of might (40 gold, have 8).
   937 | D:2      | Reached XP level 4. HP: 19/26 MP: 5/5
  1093 | D:2      | Found a sacrificial altar of Ru.
  1100 | D:2      | Reached skill level 4 in Ranged Weapons
  1208 | D:2      | 1208 ||| UPGRADING to +0 ring mail.
  1218 | D:2      | 1218 ||| DROPPING +0 leather armour.
  1219 | D:2      | 1219 ||| READING 3 scrolls labelled NAEQENT SOGAT.
  1224 | D:2      | 1224 ||| READING scroll labelled FIMY MYUSTROOZO.
  1249 | D:3      | 1249 ||| PLANNING SEWER
  1250 | D:3      | Noticed Terence
  1251 | D:3      | Noticed a black bear
  1258 | D:3      | HP: 6/26 [black bear (1)]
  1259 | D:3      | 1259 ||| READING 2 scrolls of teleportation.
  1264 | D:3      | 1264 ||| READING scroll of teleportation.
  1265 | D:3      | HP: 4/26 [adder (1)]
  1271 | D:3      | Reached skill level 1 in Armour
  1439 | D:3      | Noticed Ijyb
  1447 | D:3      | HP: 5/26 [Ijyb/+10 club (10)]
  1448 | D:3      | Killed from afar by Ijyb

Levels and vault maps discovered:
D:1:      lightli_arrival_windingriver, layout_basic
D:2:      layout_basic, basic_altar, serial_shops, shop
D:3:      layout_basic, overflow_temple_1_default, gup_sewer_entry_glass,
          minmay_misc_feat_doors, uniq_ijyb, uniq_terence

Skill      XL: |  1  2  3  4 |
---------------+-------------+-----
Ranged Weapons | 3 4 |  4.1
Fighting       | 2 |  2.0
Armour         | 1 |  1.0
Dodging        | |  1.5
Spellcasting   | |  1.0
Hexes          | |  2.6

Action                     |  1- 3 |  4- 6 || total
---------------------------+-------+-------++-------
   Fire: Sling             |    89 |    40 ||   129
    Use: Scroll            |     2 |     4 ||     6
 Armour: Robe              |     5 |       ||     5
         Leather armour    |     6 |       ||     6
         Ring mail         |       |    12 ||    12
  Dodge: Dodged            |    22 |    20 ||    42

Table legend:
 A = Non-vault XP
 B = Vault XP
 C = Vault XP percentage of total XP
 D = Non-vault monster count
 E = Vault monster count
 F = Vault count percentage of total count
                 A         B        C        D         E       F
            +---------+---------+-------+---------+---------+-------
      Total |     123 |       0 |   0.0 |      39 |       0 |   0.0
            +---------+---------+-------+---------+---------+-------
        D:1 |      33 |       0 |   0.0 |      18 |       0 |   0.0
        D:2 |      68 |       0 |   0.0 |      17 |       0 |   0.0
        D:3 |      22 |       0 |   0.0 |       4 |       0 |   0.0
            +---------+---------+-------+---------+---------+-------
